 Dungeon Crawl Stone Soup version 0.26-a0-579-g3afe4966bf (webtiles) character file.

Game seed: 918700000802645621

6520 Tzapil the Cleaver (level 11, -10/95 HPs)
             Began as a Hill Orc Fighter on Aug 23, 2020.
             Was an Elder of the Shining One.
             Mangled by Urug
             ... wielding a +1 halberd of freezing
              (26 damage)
             ... on level 1 of the Orcish Mines.
             The game lasted 00:38:27 (8537 turns).

Tzapil the Cleaver (Hill Orc Fighter)               Turns: 8537, Time: 00:38:28

Health: -10/95     AC: 15    Str: 23    XL:     11   Next: 0%
Magic:  0/11       EV:  6    Int:  8    God:    the Shining One [****..]
Gold:   349        SH: 19    Dex: 13    Spells: 10/10 levels left

rFire    + . .     SeeInvis .   a - +1 war axe
rCold    . . .     Faith    .   n - +2 tower shield
rNeg     + + .     Spirit   +   Z - +1 chain mail
rPois    .         Reflect  .   (no helmet)
rElec    .         Harm     .   (no cloak)
rCorr    .                      h - +2 pair of gloves {Dex+3}
MR       .....                  (no boots)
Stlth    ..........             o - amulet of guardian spirit
HPRegen  0.25/turn              f - ring of stealth
MPRegen  0.12/turn              (no ring)

@: mighty, glowing
A: hooves 1, fire resistance 1
a: Divine Shield, Cleansing Flame, Renounce Religion


You were on level 1 of the Orcish Mines.
You worshipped the Shining One.
The Shining One was greatly pleased with you.
You visited 3 branches of the dungeon, and saw 11 of its levels.
You visited the Abyss 1 time.
You also visited: Bailey.

You collected 349 gold pieces.

Inventory:

Hand Weapons
 a - a +1 war axe (weapon)
 j - the +8 longbow "Zephyr" {speed, Dex+3 SInv}
   (You found it on level 5 of the Dungeon)

   Attacks with this weapon are significantly faster.
   It affects your dexterity (+3).
   It lets you see invisible.
 r - a +0 scythe
 B - a +3 trident
 Q - a +0 hand axe
 R - a +0 falchion
 V - a +0 war axe
 W - a +0 hand axe
Armour
 b - a +0 scale mail
 c - a +0 kite shield
 e - a +0 scale mail
 h - a +2 pair of gloves of dexterity (worn)
 m - the +5 cloak of Disaster {Harm rPois Dex+4, unknown}
   (You found it on level 5 of the Dungeon)

   It affects your dexterity (+4).
   It protects you from poison.
   It increases damage dealt and taken.
 n - a +2 tower shield (worn)
 t - a +0 scale mail
 u - a +0 robe of magic resistance
 Z - a +1 chain mail (worn)
Jewellery
 f - a ring of stealth (left hand)
 g - an uncursed amulet of the acrobat
 o - an amulet of guardian spirit (around neck)
 H - an uncursed amulet of regeneration {unknown}
 K - a cursed amulet of inaccuracy {unknown}
 U - a cursed amulet of inaccuracy {unknown}
Wands
 k - a wand of polymorph (2)
 p - a wand of flame (14)
 P - a wand of paralysis (2)
Scrolls
 l - 10 scrolls of identify
 q - 2 scrolls of magic mapping
 y - 3 scrolls of amnesia
 I - a scroll of fog
 O - 2 scrolls of teleportation
 T - a scroll of immolation
 X - a scroll of remove curse
Potions
 i - a potion of mutation
 v - 2 potions of lignification
 w - a potion of berserk rage {unknown}
 z - a potion of curing
 D - 2 potions of magic
 F - a potion of brilliance
 G - 2 potions of heal wounds
 Y - 4 potions of haste


   Skills:
 + Level 8.6 Fighting
 + Level 13.4 Axes
 + Level 7.7 Armour
 + Level 2.3 Dodging
 + Level 0.2 Stealth
 + Level 9.4 Shields


You had 10 spell levels left.
You didn't know any spells.
Your spell library contained the following spells:

 Spells                   Type           Power        Failure   Level
 Animate Skeleton         Necr           #.....       100%        1
 Apportation              Tloc           #.....       100%        1
 Corona                   Hex            #......      100%        1
 Summon Small Mammal      Summ           #...         100%        1


Dungeon Overview and Level Annotations

Branches:
Dungeon (9/15)             Temple (1/1) D:4            Lair (0/6) D:8
    Orc (1/2) D:9          Bailey (visited)

Altars:
Ashenzari
Cheibriados
Dithmenos
Elyvilon
Fedhas
Gozag
Hepliaklqana
Kikubaaqudgha
Makhleb
Nemelex Xobeh
Okawaru
Qazlal
Ru
Sif Muna
Trog
Uskayaw
Vehumet
Yredelemnul
Zin
The Shining One

Shops:
D:5 (?[

Annotations:
Orc:1 Urug


Innate Abilities, Weirdness & Mutations

You have large cloven feet.
Your flesh is heat resistant. (rF+)


Message History

An orc comes into view. It is wielding a +0 hand axe.
The orc knight hits you from afar with a +0 halberd!
An orc comes into view. It is wielding a +0 whip.
The stone giant completely misses you.
The orc shouts!
You hit Urug but do no damage. Your kick misses Urug.
Urug is almost dead.
You hit the stone giant.
You hear a shout!
Urug hits you with a +1 halberd of freezing!
* * * LOW HITPOINT WARNING * * *
Urug freezes you.
* * * LOW HITPOINT WARNING * * *
The stone giant hits you!
* * * LOW HITPOINT WARNING * * *
You block the orc knight's attack.
Unknown command.
You feel very mighty all of a sudden.
Urug hits you with a +1 halberd of freezing!!
You die... #.. #.o. #...# Oo. ooo

### #o#
##.##..##
#<((@o..#
##...C..#
##.#...#
##.#.#...
...# .#
.... #
##.## ##


You could see a stone giant, an orc knight, Urug (strong), an orc warrior, an
ogre, an orc wizard (strong, invisible) and 3 orcs.

Vanquished Creatures
  A two-headed ogre (D:8)
  A thrashing horror (Abyss:2)
  Psyche (D:9)
  A troll (D:9)
  Grinder (D:3)
  Sigmund (D:2)
  2 shadows (D:9)
  Eustachio (D:4)
  4 porcupines (D:8)
  6 orc warriors
  A sky beast (D:5)
  An ice beast (D:6)
  A black bear (D:8)
  A necrophage (D:7)
  6 ogres
  A centaur (D:8)
  A crocodile (D:8)
  A big kobold (D:9)
  5 bullfrogs
  7 scorpions
  A water moccasin skeleton (D:8)
  2 howler monkeys
  A hound (D:4)
  A jelly (D:6)
  2 orc wizards
  A centaur skeleton (D:4)
  6 orc priests
  2 iguanas
  Natasha (thrice) (D:2)
  5 worker ants
  5 ogre zombies (D:9)
  A mummy (D:6)
  A howler monkey zombie (D:6)
  12 gnolls
  13 adders
  A howler monkey skeleton (D:6)
  3 shadow imps
  3 white imps
  An ufetubus (D:3)
  3 oozes
  An adder zombie (D:5)
  An adder skeleton (D:8)
  A worm (D:4)
  A leopard gecko (D:2)
  42 orcs
  5 giant cockroaches
  15 goblins
  17 hobgoblins
  11 jackals (D:1)
  3 quokkas
  5 ball pythons
  6 bats
  4 frilled lizards
  A goblin skeleton (D:9)
  2 goblin zombies (D:9)
  A hobgoblin skeleton (D:9)
  A hobgoblin zombie (D:9)
  10 kobolds
  A kobold zombie (D:6)
  A leopard gecko skeleton (D:4)
  2 orc skeletons (D:9)
  13 orc zombies (D:9)
  10 rats
265 creatures vanquished.

Vanquished Creatures (collateral kills)
  3 ogre zombies (D:9)
  A goblin skeleton (D:9)
  A hobgoblin zombie (D:9)
  An orc skeleton (D:9)
  2 orc zombies (D:9)
8 creatures vanquished.

Vanquished Creatures (others)
  31 fungi
  28 plants
59 creatures vanquished.

Grand Total: 332 creatures vanquished

Notes
Turn   | Place    | Note
-------+----------+-------------------------------------------
     0 | D:1      | Tzapil the Hill Orc Fighter began the quest for the Orb.
     0 | D:1      | Reached XP level 1. HP: 19/19 MP: 1/1
   233 | D:1      | Reached XP level 2. HP: 19/27 MP: 2/2
   251 | D:1      | Reached skill level 3 in Axes
   277 | D:1      | Reached XP level 3. HP: 24/33 MP: 3/3
   707 | D:1      | You fall into a shaft and drop 1 floor!
   707 | D:2      | Noticed Natasha
   719 | D:2      | Killed Natasha
   719 | D:2      | Reached XP level 4. HP: 24/40 MP: 2/4
   865 | D:2      | Noticed Natasha
   875 | D:2      | Killed Natasha
   875 | D:2      | Reached skill level 4 in Axes
   880 | D:2      | Noticed Natasha
   886 | D:2      | Killed Natasha
   886 | D:2      | Reached XP level 5. HP: 40/47 MP: 5/5
   901 | D:2      | Noticed Sigmund
   917 | D:2      | Killed Sigmund
   917 | D:2      | Reached skill level 5 in Axes
   917 | D:2      | Reached XP level 6. HP: 24/55 MP: 2/6
  1453 | D:2      | Reached skill level 5 in Fighting
  1746 | D:3      | Noticed Grinder
  1756 | D:3      | Paralysed by Grinder for 5 turns
  1763 | D:3      | Killed Grinder
  1763 | D:3      | Reached skill level 1 in Dodging
  1763 | D:3      | Reached skill level 5 in Shields
  1763 | D:3      | Reached XP level 7. HP: 36/61 MP: 4/7
  1988 | D:3      | Reached skill level 5 in Armour
  2647 | D:4      | Reached skill level 6 in Axes
  2838 | D:4      | Noticed Eustachio
  2861 | D:4      | Killed Eustachio
  3006 | D:4      | Found a staircase to the Ecumenical Temple.
  3049 | Temple   | Entered the Ecumenical Temple
  3087 | Temple   | Became a worshipper of the Shining One
  3130 | D:4      | Reached skill level 7 in Axes
  3130 | D:4      | Reached XP level 8. HP: 45/69 MP: 5/8
  3532 | D:4      | Found a radiant altar of Vehumet.
  3761 | D:5      | Entered Level 5 of the Dungeon
  3761 | D:5      | Found a blossoming altar of Fedhas.
  3774 | D:5      | Found Vizor's Armour Emporium.
  3791 | D:5      | Found Piggirch's Magic Scroll Shoppe.
  3896 | D:5      | Found the +8 longbow "Zephyr" {speed, Dex+3 SInv}
  3904 | D:5      | Found a shadowy altar of Dithmenos.
  3957 | D:5      | Got an ancient cloak
  4220 | D:5      | Reached skill level 8 in Axes
  4479 | D:5      | Found Comoh's Weapon Shop.
  4974 | D:6      | Reached * piety under the Shining One
  4975 | D:6      | Reached skill level 9 in Axes
  5181 | D:6      | Found a sand-covered staircase.
  5288 | D:6      | Reached XP level 9. HP: 75/75 MP: 9/9
  5334 | D:6      | Reached skill level 10 in Axes
  5835 | D:8      | Found a shattered altar of Ashenzari.
  6006 | D:8      | Found a staircase to the Lair.
  6044 | D:8      | Reached skill level 11 in Axes
  6347 | D:8      | Found a flagged portal.
  6357 | Bailey   | Entered a bailey
  6488 | Bailey   | Reached XP level 10. HP: 57/86 MP: 7/10
  6852 | D:8      | Found a white marble altar of Elyvilon.
  6889 | D:8      | Reached ** piety under the Shining One
  6992 | D:8      | Reached skill level 12 in Axes
  7001 | D:8      | Noticed a two-headed ogre
  7023 | D:8      | Killed a two-headed ogre
  7462 | D:8      | Found a bloodstained altar of Trog.
  7663 | D:8      | Found an opulent altar of Gozag.
  7667 | D:8      | Found a shimmering blue altar of Sif Muna.
  7892 | D:9      | Noticed Psyche
  7896 | D:9      | Gained mutation: Your magical capacity is low. (-10% MP)
                  | [potion of mutation]
  7896 | D:9      | Gained mutation: Your muscles are strong. (Str +2) [potion
                  | of mutation]
  7896 | D:9      | Lost mutation: Your muscles are strong. (Str +2) [potion of
                  | mutation]
  7896 | D:9      | Gained mutation: Your muscles are strong. (Str +2) [potion
                  | of mutation]
  7899 | D:9      | Cast into level 2 of the Abyss (Psyche)
  7905 | Abyss:2  | Lost mutation: Your muscles are strong. (Str +2) [potion of
                  | mutation]
  7905 | Abyss:2  | Lost mutation: Your magical capacity is low. (-10% MP)
                  | [potion of mutation]
  7905 | Abyss:2  | Gained mutation: Your flesh is heat resistant. (rF+)
                  | [potion of mutation]
  7905 | Abyss:2  | Gained mutation: You have large cloven feet. [potion of
                  | mutation]
  7910 | Abyss:2  | Noticed a thrashing horror
  7934 | Abyss:2  | Killed a thrashing horror
  7940 | Abyss:2  | Found a corrupted altar of Lugonu.
  7944 | D:9      | Escaped the Abyss
  7957 | D:9      | Killed Psyche
  8094 | D:9      | Reached skill level 13 in Axes
  8284 | D:9      | Found a stormy altar of Qazlal.
  8401 | D:9      | Found a staircase to the Orcish Mines.
  8402 | D:9      | Reached *** piety under the Shining One
  8433 | D:9      | Reached **** piety under the Shining One
  8521 | Orc:1    | Entered Level 1 of the Orcish Mines
  8521 | Orc:1    | Noticed a stone giant
  8522 | Orc:1    | Noticed Urug
  8525 | Orc:1    | Reached XP level 11. HP: 72/95 MP: 7/11
  8527 | Orc:1    | Noticed an orc knight
  8537 | Orc:1    | Mangled by Urug

Illustrated notes

Levels and vault maps discovered:
D:1:      wander_arrival_estate, layout_basic, minmay_shallow_snake_nest
D:2:      layout_rooms, uniq_natasha, uniq_sigmund
D:3:      layout_basic, uniq_grinder
D:4:      layout_layer_cave, nicolae_overflow_crystal_walls, temple_green,
          uniq_eustachio
D:5:      layout_loops_ring, fedhas_altar_3, serial_shops, shop,
          nicolae_shop_behind_doors, nicolae_shop_statue_plus,
          nicolae_dithmenos_the_darkroom
D:6:      layout_loops_ring, nicolae_ossuary_entry_giza
D:7:      kennysheep_spiral_hall, layout_basic,
          gammafunk_temple_overflow_elements
D:8:      layout_basic, lightli_temple_of_fire, overflow_temple_1_default,
          elyvilon_altar_4, nicolae_overflow_hidden_temple,
          due_lair_maze_entry_diamond, enter_bailey_2, serial_co_window_serial,
          co_window_of_opportunity_a, co_window_paths_b,
          co_window_of_opportunity_a, co_window_corner_a, co_window_paths_a,
          co_window_corner_b, co_window_of_opportunity_b,
          co_window_of_opportunity_b, co_window_unsneaky_path_d, glass_columns_a
D:9:      cheibrodos_iron_armory, layout_loops_corners, old_standard_altar,
          zombieorc2_lemuel, grunt_qazlal_clouds, uniq_maurice,
          uniq_prince_ribbit1, uniq_psyche
Temple:   nicolae_temple_no_exploring_needed
Orc:1:    layout_caves, serial_shops, nicolae_shop_overgrown_old_shop, uniq_urug

Skill      XL: |  1  2  3  4  5  6  7  8  9 10 |
---------------+-------------------------------+-----
Axes           | 3 4 5 7 9 11 13 | 13.4
Fighting       | 4 5 6 7 8 |  8.6
Armour         | 4 5 6 7 |  7.7
Shields        | 4 5 6 8 9 |  9.4
Dodging        | 1 2 |  2.3
Stealth        | |  0.2

Action                   |  1- 3 |  4- 6 |  7- 9 | 10-12 || total
-------------------------+-------+-------+-------+-------++-------
Melee: War axe           |    90 |    98 |   436 |   194 ||   818
       Kick              |       |       |       |    31 ||    31
  Use: Scroll            |       |     5 |     6 |     5 ||    16
       Potion            |       |       |       |     9 ||     9
Armor: Scale mail        |    62 |    41 |    47 |       ||   150
       Chain mail        |       |       |    89 |    41 ||   130
       Skin              |       |       |       |     5 ||     5
Dodge: Dodged            |    29 |    18 |    54 |    32 ||   133
Block: Kite shield       |    29 |       |       |       ||    29
       Tower shield      |    40 |    93 |   307 |   132 ||   572

Table legend: (Time is in decaauts)
 A = Elapsed time spent in this place.
 B = Non-inter-level travel time spent in this place.
 C = Inter-level travel time spent in this place.
 D = Time resting spent in this place.
 E = Time spent auto-exploring this place.
 F = Levels seen in this place.
 G = Mean time per level.
                   A        B        C        D        E       F      G
               +--------+--------+--------+--------+--------+-----+--------+
         Total |   8696 |   8554 |    142 |   2134 |   3223 |  13 |  668.9 |
       Dungeon |   8103 |   7979 |    124 |   1843 |   3220 |   9 |  900.3 |
        Temple |     47 |     29 |     18 |      0 |      0 |   1 |   47.0 |
  Orcish Mines |     14 |     14 |      0 |      0 |      0 |   1 |   14.0 |
         Abyss |     44 |     44 |      0 |      0 |      0 |   1 |   44.0 |
        Bailey |    485 |    485 |      0 |    291 |      3 |   1 |  485.0 |
               +--------+--------+--------+--------+--------+-----+--------+

Top non-repeatable levels by time:
     D:8: 1525 daAuts
     D:4: 1107 daAuts
     D:2: 1034 daAuts
     D:5: 1003 daAuts
     D:3: 958 daAuts
     D:1: 744 daAuts
     D:6: 727 daAuts
     D:9: 698 daAuts
  Bailey: 485 daAuts
     D:7: 304 daAuts
  Temple: 47 daAuts
 Abyss:2: 44 daAuts
   Orc:1: 14 daAuts
